 Dungeon Crawl Stone Soup version 0.25.0-9-g26727b657a (webtiles) character file.

Game seed: 14411088390521791121

240 MisterFreud the Fighter (level 6, -3/61 HPs)
             Began as a Gnoll Wanderer on June 16, 2020.
             Killed from afar by an orc wizard (8 damage)
             ... with a magic dart
             ... on level 3 of the Dungeon.
             The game lasted 00:04:42 (3253 turns).

MisterFreud the Fighter (Gnoll Wanderer)            Turns: 3253, Time: 00:04:43

Health: -3/61      AC:  2    Str: 15    XL:     6   Next: 8%
Magic:  8/8        EV: 12    Int: 16    God:
Gold:   61         SH:  0    Dex: 14    Spells: 8/8 levels left

rFire    . . .     SeeInvis .   a - +2 hand axe
rCold    . . .     Gourm    .   (no shield)
rNeg     . . .     Faith    .   d - +0 robe
rPois    .         Spirit   .   (no helmet)
rElec    .         Reflect  .   g - +0 cloak
rCorr    .         Harm     .   e - -2 pair of gloves (curse)
MR       .....     Rnd*Tele +   (no boots)
Stlth    ++........             p - amulet of inaccuracy (curse)
HPRegen  0.20/turn              (no ring)
MPRegen  0.11/turn              (no ring)

@: no status effects
A: distributed training, fangs 1, teleportitis 1, MP-powered wands, strong nose
a: no special abilities


You were on level 3 of the Dungeon.
You were not hungry.

You visited 1 branch of the dungeon, and saw 3 of its levels.

You collected 61 gold pieces.

Inventory:

Hand Weapons
 a - a +2 hand axe (weapon)
Armour
 d - a +0 robe (worn)
 e - a cursed -2 pair of gloves (worn)
 g - a +0 cloak (worn)
 k - a scarf of harm
Jewellery
 p - a cursed amulet of inaccuracy (around neck)
Scrolls
 c - 2 scrolls of teleportation
 l - a scroll of magic mapping
 m - a scroll of identify {unknown}
 n - a scroll of fear {unknown}
 o - a scroll of enchant weapon {unknown}
Potions
 b - a potion of lignification
 i - a potion of magic {unknown}
 j - a potion of curing
 q - a potion of brilliance {unknown}
 r - a potion of might {unknown}
 s - a potion of ambrosia {unknown}
Comestibles
 f - 5 rations
 h - a chunk of flesh


   Skills:
 + Level 10.5 Fighting
 + Level 1.7 Short Blades
 + Level 1.7 Long Blades
 + Level 4.9 Axes
 + Level 1.7 Maces & Flails
 + Level 1.7 Polearms
 + Level 1.7 Staves
 + Level 1.7 Slings
 + Level 1.7 Bows
 + Level 1.7 Crossbows
 + Level 3.1 Throwing
 + Level 1.7 Armour
 + Level 1.7 Dodging
 + Level 2.9 Stealth
 + Level 3.1 Shields
 + Level 1.7 Unarmed Combat
 + Level 1.7 Spellcasting
 + Level 1.3 Conjurations
 + Level 1.3 Hexes
 + Level 1.3 Charms
 + Level 1.3 Summonings
 + Level 1.3 Necromancy
 + Level 1.3 Translocations
 + Level 1.3 Transmutations
 + Level 1.3 Fire Magic
 + Level 1.3 Ice Magic
 + Level 1.3 Air Magic
 + Level 1.3 Earth Magic
 + Level 1.3 Poison Magic
 + Level 2.0 Invocations
 + Level 1.7 Evocations


You had 8 spell levels left.
You didn't know any spells.
Your spell library was empty.

Dungeon Overview and Level Annotations

Branches:
Dungeon (3/15)

Altars:
Kikubaaqudgha

Annotations:
D:2 Sigmund


Innate Abilities, Weirdness & Mutations

Your experience applies equally to all skills.
You have very sharp teeth.
Your uncanny sense of smell can sniff out nearby items.
You are occasionally teleported next to monsters.
You expend magic power (3 MP) to strengthen your wands.


Message History

You miss something. You bite something. Something hits you but does no damage.
You closely miss something. Your punch misses something.
Something hits you but does no damage.
You hit something but do no damage. You punch something.
Your bite misses something. Something hits you.
You miss something. You bite something. Something hits you but does no damage.
You hit something. Something hits you.
You closely miss something. Something hits you.
* * * LOW HITPOINT WARNING * * *
You barely miss something. Your bite misses something.
You hear some strange, mumbled words.
A puff of flame appears from out of thin air!
The puff of flame hits you!
* * * LOW HITPOINT WARNING * * *
You miss something. Your bite misses something. Something hits you.
* * * LOW HITPOINT WARNING * * *
You hear some strange, mumbled words.
A magic dart appears from out of thin air!
The magic dart hits you!
You die...

...# *,*,,**,,,,,,,,,*
*,* ####
*,*,,******,,*,,* *,** #
*,*,,* *,,*,,* *,,, #
*,**** ****,,* **** # *,*
*,,* # *,************,,*
# *,,,,,,,,,,,,,,,* #
*##############.*
##########......@{oo....*
...........#############*
############ # #


You could see 2 orcs.

Vanquished Creatures
  A scorpion (D:3)
  An orc priest (D:3)
  2 orc wizards (D:3)
  A worker ant (D:3)
  3 adders (D:2)
  2 worms (D:3)
  A dart slug (D:1)
  2 leopard geckos
  4 orcs (D:3)
  A giant cockroach (D:1)
  4 goblins
  11 hobgoblins
  A ball python (D:1)
  3 bats (D:1)
  3 frilled lizards (D:1)
  5 kobolds
  A leopard gecko zombie (D:3)
  4 rats
50 creatures vanquished.

Notes
Turn   | Place    | Note
-------+----------+-------------------------------------------
     0 | D:1      | Reached skill level 10 in Fighting
     0 | D:1      | MisterFreud the Gnoll Wanderer began the quest for the Orb.
     0 | D:1      | MisterFreud set off with the following items: a +2 hand
                  | axe, a potion of lignification, a scroll of teleportation,
                  | a +0 robe, a ration
     0 | D:1      | Reached XP level 1. HP: 28/28 MP: 1/1
   165 | D:1      | Reached XP level 2. HP: 36/36 MP: 2/2
   727 | D:1      | Reached XP level 3. HP: 42/42 MP: 3/3
  1150 | D:2      | Noticed Sigmund
  1153 | D:2      | Reached skill level 1 in Invocations
  1596 | D:2      | Reached skill level 1 in Short Blades
  1596 | D:2      | Reached skill level 1 in Long Blades
  1596 | D:2      | Reached skill level 1 in Maces & Flails
  1596 | D:2      | Reached skill level 1 in Polearms
  1596 | D:2      | Reached skill level 1 in Staves
  1596 | D:2      | Reached skill level 1 in Slings
  1596 | D:2      | Reached skill level 1 in Bows
  1596 | D:2      | Reached skill level 1 in Crossbows
  1596 | D:2      | Reached skill level 1 in Armour
  1596 | D:2      | Reached skill level 1 in Dodging
  1596 | D:2      | Reached skill level 1 in Unarmed Combat
  1596 | D:2      | Reached skill level 1 in Spellcasting
  1596 | D:2      | Reached skill level 1 in Evocations
  1596 | D:2      | Reached XP level 4. HP: 16/48 MP: 5/5
  1965 | D:3      | Found an ancient bone altar of Kikubaaqudgha.
  2022 | D:3      | Reached skill level 1 in Conjurations
  2022 | D:3      | Reached skill level 1 in Hexes
  2022 | D:3      | Reached skill level 1 in Charms
  2022 | D:3      | Reached skill level 1 in Summonings
  2022 | D:3      | Reached skill level 1 in Necromancy
  2022 | D:3      | Reached skill level 1 in Translocations
  2022 | D:3      | Reached skill level 1 in Transmutations
  2022 | D:3      | Reached skill level 1 in Fire Magic
  2022 | D:3      | Reached skill level 1 in Ice Magic
  2022 | D:3      | Reached skill level 1 in Air Magic
  2022 | D:3      | Reached skill level 1 in Earth Magic
  2022 | D:3      | Reached skill level 1 in Poison Magic
  2029 | D:3      | Gained mutation: You are occasionally teleported next to
                  | monsters. [potion of mutation]
  2029 | D:3      | Gained mutation: You expend magic power (3 MP) to
                  | strengthen your wands. [potion of mutation]
  2435 | D:3      | Reached XP level 5. HP: 37/54 MP: 5/7
  3243 | D:3      | Reached XP level 6. HP: 27/61 MP: 8/8
  3253 | D:3      | Killed from afar by an orc wizard

Illustrated notes

Levels and vault maps discovered:
D:1:      roderic_chinese_lattice_arrival, layout_basic, minmay_crystal_water
D:2:      layout_loops_ring, yredelemnul_altar_generic, uniq_sigmund,
          uniq_natasha, uniq_crazy_yiuf_cottage
D:3:      layout_basic, kiku_gazebo_garden_becter, first_ration

Skill      XL: |  1  2  3  4  5 |
---------------+----------------+-----
Fighting       | | 10.5
Invocations    | 1 2 |  2.0
Short Blades   | 1 |  1.7
Long Blades    | 1 |  1.7
Maces & Flails | 1 |  1.7
Polearms       | 1 |  1.7
Staves         | 1 |  1.7
Slings         | 1 |  1.7
Bows           | 1 |  1.7
Crossbows      | 1 |  1.7
Armour         | 1 |  1.7
Dodging        | 1 |  1.7
Unarmed Combat | 1 |  1.7
Spellcasting   | 1 |  1.7
Evocations     | 1 |  1.7
Conjurations   | 1 |  1.3
Hexes          | 1 |  1.3
Charms         | 1 |  1.3
Summonings     | 1 |  1.3
Necromancy     | 1 |  1.3
Translocations | 1 |  1.3
Transmutations | 1 |  1.3
Fire Magic     | 1 |  1.3
Ice Magic      | 1 |  1.3
Air Magic      | 1 |  1.3
Earth Magic    | 1 |  1.3
Poison Magic   | 1 |  1.3
Throwing       | 3 |  3.1
Shields        | 3 |  3.1
Axes           | |  4.9
Stealth        | |  2.9

Action                   |  1- 3 |  4- 6 || total
-------------------------+-------+-------++-------
Melee: Hand axe          |    91 |   120 ||   211
       Bite              |    10 |    11 ||    21
       Punch             |       |     4 ||     4
  Use: Potion            |       |     3 ||     3
       Scroll            |       |     1 ||     1
 Stab: Sleeping          |     7 |     2 ||     9
  Eat: Chunk             |     1 |     3 ||     4
       Ration            |       |     1 ||     1
Armor: Robe              |    11 |    12 ||    23
Dodge: Dodged            |    39 |    68 ||   107
